 Dungeon Sprint DCSS version 0.17-a0-1805-g6093636 (webtiles) character file.

51 nuthulu the Skirmisher (level 3, -11/28 HPs)
             Began as a Gargoyle Fighter on Sept 12, 2015.
             Mangled by a water elemental (17 damage)
             ... in the Dungeon (Sprint III: "The Ten Rune Challenge").
             The game lasted 00:01:19 (329 turns).

nuthulu the Skirmisher (Gargoyle Fighter)            Turns: 329, Time: 00:01:19

Health: -11/28     AC: 10    Str: 19    XL:     3   Next: 81%
Magic:  3/3        EV:  7    Int:  8    God:
Gold:   7          SH:  9    Dex: 10    Spells: 0 memorised, 2 levels left

rFire  . . .     SeeInvis .     a - +0 flail
rCold  . . .     Clarity  .     b - +0 scale mail
rNeg   + . .     SustAt   .     c - +0 shield
rPois  ∞         Gourm    .     (no helmet)
rElec  +         Spirit   .     (no cloak)
rCorr  .         Warding  .     (no gloves)
rMut   .         NoTele   +     (no boots)
MR     +....                    (no amulet)
Stlth  ..........               (no ring)
                                (no ring)

@: flying, very slightly contaminated, hasted, very quick, somewhat resistant to
hostile enchantments, extremely unstealthy
A: big wings, magic resistance 1, negative energy resistance 1, electricity
resistance, unbreathing, petrification resistance, rot immunity, AC +3
a: Stop Flying


You were in the Dungeon.
You were not hungry.

You visited 1 branch You collected 7 gold pieces.

Inventory:

Hand weapons
 a - a +0 flail (weapon)
Armour
 b - a +0 scale mail (worn)
 c - a +0 shield (worn)
Scrolls
 k - a scroll of blinking
 l - a scroll of immolation {unknown}
 m - a scroll of identify
 n - 4 scrolls of remove curse
 p - a scroll of holy word {unknown}
Potions
 f - a potion of curing
 g - a potion of heal wounds
 i - 3 potions of magic
 j - a potion of berserk rage
 o - a potion of might
 r - a potion of cure mutation
 s - a potion of brilliance
Comestibles
 e - 2 bread rations
 q - a royal jelly


   Skills:
 + Level 6.4 Fighting
 + Level 5.3 Maces & Flails
 - Level 3.2 Armour
 - Level 3.2 Shields


You had 2 spell levels left.
You didn't know any spells.

Dungeon Overview and Level Annotations

Branches:
Dungeon (1/1)

Altars:


Innate Abilities, Weirdness & Mutations

You are resistant to torment.
Your stone body is resilient (AC +3).
You are immune to poison.
You resist negative energy.
You are resistant to electric shocks.
You can survive without breathing.
You are immune to petrification.
You are immune to rotting.
Your large and strong wings let you fly indefinitely.
You are resistant to hostile enchantments.


Message History

You feel yourself speed up. The water elemental hits you.
* * * LOW HITPOINT WARNING * * *
The water elemental engulfs you in water!
You are very lightly contaminated with residual magic.
You hit the water elemental.
The water elemental is heavily damaged.
You block the water elemental's attack.
With effort, you pull free of the water engulfing you.
The water engulfing you falls away.
You hit the water elemental but do no damage.
The water elemental is moderately damaged.
Drink which item? (? for menu, Esc to quit)
Okay, then.
Your shield and scale mail prevent you from hitting the water elemental.
The water elemental is moderately damaged.
You hit the water elemental but do no damage.
The water elemental is moderately damaged.
The water elemental hits you!
Ouch! That really hurt!
You die...

▓.....#....≈.♣♣♣..# #+#
▓.....#...≈≈.♣..♣.#....
▓.....#..≈≈≈≈♣♣...'.⌠..
▓####'#..≈≈≈≈≈≈...#...#
▓[....#.≈≈≈≈≈≈....# ⌠.#
▓.....#.≈≈≈≈≈.....# .#
▓.....#.≈≈≈.......# #
▓+#####...........#
▓.....@E..........#
▓▓▓▓▓▓▓▓▓▓▓▓▓▓▓▓▓▓▓


You could see a water elemental.

Vanquished Creatures
  A wolf (D)
  A human (D)
  An ooze (D)
  3 rats (D)
6 creatures vanquished.

Vanquished Creatures (others)
  2 draconian scorchers (D)
  A yaktaur (D)
3 creatures vanquished.

Grand Total: 9 creatures vanquished

Notes
Turn   | Place    | Note
--------------------------------------------------------------
     0 | D        | nuthulu the Gargoyle Fighter began the quest for the Orb.
     0 | D        | Reached XP level 1. HP: 14/14 MP: 1/1
    10 | D        | Reached skill level 4 in Fighting
   101 | D        | Reached skill level 5 in Fighting
   101 | D        | Reached XP level 2. HP: 13/21 MP: 2/2
   101 | D        | Reached XP level 3. HP: 16/26 MP: 3/3
   110 | D        | Noticed a wolf
   120 | D        | Killed a wolf
   120 | D        | Reached skill level 6 in Fighting
   120 | D        | Reached skill level 5 in Maces & Flails
   170 | D        | Killed a yaktaur
   252 | D        | Killed a white draconian scorcher
   257 | D        | Gained mutation: You are frail (-10% HP). [potion of mutation]
   257 | D        | Gained mutation: You have very sharp teeth. [potion of mutation]
   257 | D        | Gained mutation: You heal slowly when monsters are visible. [potion of mutation]
   258 | D        | Lost mutation: You are frail (-10% HP). [potion of cure mutation]
   258 | D        | Lost mutation: You heal slowly when monsters are visible. [potion of cure mutation]
   258 | D        | Lost mutation: You have very sharp teeth. [potion of cure mutation]
   259 | D        | Gained mutation: You are resistant to hostile enchantments. [potion of mutation]
   259 | D        | Gained mutation: Your large and strong wings let you fly indefinitely. [potion of mutation]
   295 | D        | Killed a white draconian scorcher
   308 | D        | Noticed a water elemental
   329 | D        | Mangled by a water elemental

Vault maps used:
D:        dungeon_sprint_mu

Action                   || total
-------------------------++-------
Melee: Flail             ||    29
 Abil: Fly               ||     1
  Use: Potion            ||     5
       Scroll            ||     3
